cohdb
Replays
Latest Replays
All Replays
Popular Replays
Top Player Replays
Match Explorer
How It Works
Community
CoH3 Stats
Reddit
Sign in to upload your games and track your stats! →
Sign in with Steam
Match 37556356
Unlisted
Match 37556356
Overview
Messages
Build Orders
End
Royal Engineer Section
Construct Section Command Post
Dingo Light Scout Car
Selects Heavy Armor Battlegroup
Infantry Section
Construct Field Infirmary
Grenade Package
ML 3-inch Mortar Team
Infantry Section
Selects Engineer Detachments
Construct Platoon Command Post
Vickers Machine Gun Team
6-pounder Anti-tank Gun Team
Selects Light Vehicle Withdraw and Refit
Selects Radio Net
Wrathment
Marin
0
0
Comments
sign in to comment!
No comments posted yet!